 Dungeon Crawl Stone Soup version 0.28-a0-1374-ga75cb3825e (webtiles) character file.

Game seed: 1580922261365323039

754567 Urgle the Invulnerable (level 27, -34/191 HPs)
             Began as a Minotaur Fighter on Dec 31, 2021.
             Was a High Priest of Okawaru.
             Annihilated by a seraph (64 damage)
             ... on level 3 of the Realm of Zot on Jan 1, 2022.
             The game lasted 05:45:12 (109029 turns).

Urgle the Invulnerable (Minotaur Fighter)         Turns: 109029, Time: 05:45:13

Health: -34/191    AC: 37    Str: 26 (30) XL:     27
Magic:  1/24       EV: 21    Int: -2 (0)  God:    Okawaru [*****.]
Gold:   6425       SH: 35    Dex: 20      Spells: 35/41 levels left

rFire   + + .      SeeInvis +   i - +12 broad axe "Naquozo" {vorpal, *Slow Int+2 Dex+4 SInv}
rCold   + + .      Faith    .   u - +5 tower shield of Dilor {Drain rElec rPois Regen+}
rNeg    + + +      Spirit   .   r - +5 gold dragon scales
rPois   +          Reflect  +   (helmet unavailable)
rElec   +          Harm     .   m - scarf {rC+ rF+}
rCorr   +          Rampage  +   M - +1 pair of gloves {infuse}
Will    +++..      Rnd*Tele +   U - +2 pair of boots {rampage}
Stlth   ..........              T - amulet "Juzxi" {Reflect +Blink rN+++ rCorr Int-3 SH+5}
HPRegen 0.00/turn               w - +4 ring of protection
MPRegen 0.19/turn               I - ring "Ratui" {Fly MP-9 Str+3 Slay+4}

@: flying, inhibited regen, hasted and slowed, lost intelligence, glowing,
studying Translocations, unable to read
A: horns 3, retaliatory headbutt, beak, clumsy 1, deformed body, deterioration
2, dopey 2, frail 3, strong-willed 1, inhibited regeneration, teleportitis 2,
subdued magic 3, inability to read while threatened, devolution 1
0: Orb of Zot
}: 3/15 runes: decaying, silver, gossamer
a: Renounce Religion, Evoke Blink, Heroism, Finesse, Duel


You were on level 3 of the Realm of Zot.
You worshipped Okawaru.
Okawaru was extremely pleased with you.
You visited 14 branches of the dungeon, and saw 62 of its levels.
You visited the Abyss 4 times.
You also visited: Gauntlet and Ice Cave.

You collected 11138 gold pieces.
You spent 4713 gold pieces at shops.

Inventory:

Hand Weapons
 i - the +12 broad axe "Naquozo" (weapon) {vorpal, *Slow Int+2 Dex+4 SInv}
   (You acquired it on level 8 of the Dungeon)

   It inflicts extra damage upon your enemies.
   Int:       It affects your intelligence (+2).
   Dex:       It affects your dexterity (+4).
   SInv:      It lets you see invisible.
   *Slow:     It may slow you when you take damage.
 E - a +9 broad axe of draining
 H - the +4 hand crossbow "Ydigg" {freeze, +Blink Int+4 Dex+4}
   (Okawaru gifted it to you on level 3 of the Swamp)

   Any ammunition fired from it freezes those it strikes, dealing additional
   cold damage.
   It can also slow down cold-blooded creatures.
   Int:       It affects your intelligence (+4).
   Dex:       It affects your dexterity (+4).
   +Blink:    It lets you blink.
 Q - a +7 eudemon blade of holy wrath
Missiles
 b - 2 boomerangs of dispersal (quivered)
 g - 2130 bolts
Armour
 c - the +3 pair of gloves "Elaumiur" {-Tele Rampage rF+++ Str+2}
   (Okawaru gifted it to you on level 3 of the Depths)

   Str:       It affects your strength (+2).
   rF:        It renders you almost immune to fire.
   -Tele:     It prevents most forms of teleportation.
   Rampage:   It bestows one free step when moving towards enemies.
 l - the +2 hat "Zepaliv" {rC++ Will+}
   (You acquired it on level 8 of the Dungeon)

   rC:        It greatly protects you from cold.
   Will:      It increases your willpower.
 m - a scarf of resistance (worn)
 r - +5 gold dragon scales (worn)
 t - the +3 crystal plate armour of Wariness {+Blink}
   (Okawaru gifted it to you on level 1 of the Abyss)

   +Blink:    It lets you blink.
 u - the +5 tower shield of Dilor (worn) {Drain rElec rPois Regen+}
   (Okawaru gifted it to you on level 2 of the Iron City of Dis)

   rElec:     It insulates you from electricity.
   rPois:     It protects you from poison.
   Regen:     It increases your rate of health regeneration.
   Drain:     It drains your maximum health when unequipped.
 B - the +1 cloak of Hedging {+Blink}
   (You found it on level 2 of the Vaults)

   +Blink:    It lets you blink.
 M - a +1 pair of gloves of infusion (worn)
 U - a +2 pair of boots of rampaging (worn)
Jewellery
 w - a +4 ring of protection (left hand)
 F - a +4 ring of protection
 I - the ring "Ratui" (right hand) {Fly MP-9 Str+3 Slay+4}
   (You acquired it on level 1 of the Abyss)

   [ring of slaying]

   Str:       It affects your strength (+3).
   Slay:      It affects your accuracy & damage with ranged weapons and melee
   (+4).
   MP:        It affects your magic capacity (-9).
   Fly:       It grants you flight.
 T - the amulet "Juzxi" (around neck) {Reflect +Blink rN+++ rCorr Int-3 SH+5}
   (You took it off a deep elf sorcerer on level 3 of the Elven Halls)

   [amulet of reflection]

   It reflects blocked missile attacks.
   Int:       It affects your intelligence (-3).
   rN:        It renders you almost immune to negative energy.
   +Blink:    It lets you blink.
   rCorr:     It protects you from acid and corrosion.
   SH:        It affects your SH (+5).
Wands
 f - a wand of acid (21)
 k - a wand of mindburst (70)
 p - a wand of polymorph (4)
 z - a wand of flame (37)
 J - a wand of digging (18)
 V - a wand of iceblast (25)
Scrolls
 h - 2 scrolls of fear
 j - 19 scrolls of teleportation
 o - 4 scrolls of blinking
 A - 2 scrolls of holy word
 C - 22 scrolls of identify
Potions
 d - 15 potions of might
 e - 33 potions of curing
 n - a potion of ambrosia
 q - a potion of magic
 s - 5 potions of resistance
 x - 3 potions of haste
 O - 2 potions of cancellation
 W - 4 potions of berserk rage
Miscellaneous
 a - a condenser vane
 v - a piece from Xom's chessboard (15/15)
 y - a piece from Xom's chessboard (15/15)
 K - a tin of tremorstones (2/2)
 L - a phial of floods
 N - a condenser vane
 X - a lightning rod (4/4)


   Skills:
 O Level 27 Fighting
 - Level 14.3 Long Blades
 - Level 16.4 Axes
 - Level 17.3 Crossbows
 O Level 27 Armour
 O Level 27 Dodging
 - Level 25.0 Shields
 + Level 7.9 Spellcasting
 - Level 9.8 Air Magic
 - Level 12.2 Invocations
 - Level 18.6 Evocations


You had 35 spell levels left.
You knew the following spells:

 Your Spells              Type           Power      Damage    Failure   Level
a - Portal Projectile     Hex/Tloc       0%         N/A       99%         3
b - Swiftness             Air            0%         N/A       6%          3

Your spell library contained the following spells:

 Spells                   Type           Power      Damage    Failure   Level
 Shock                    Conj/Air       0%         1d3       17%         1
 Airstrike                Air            0%         N/A       24%         4
 Static Discharge         Conj/Air       0%         N/A       28%         2
 Mephitic Cloud           Conj/Pois/Air  0%         N/A       77%         3
 Apportation              Tloc           0%         N/A       86%         1
 Foxfire                  Conj/Fire      0%         2x1d4     86%         1
 Freeze                   Ice            0%         1d3       86%         1
 Magic Dart               Conj           0%         1d3       86%         1
 Pain                     Necr           0%         1d4       86%         1
 Slow                     Hex            0%         N/A       86%         1
 Scorch                   Fire           0%         2d5       95%         2
 Sublimation of Blood     Necr           0%         N/A       95%         2
 Confusing Touch          Hex            0%         N/A       99%         3
 Dazzling Flash           Conj/Hex       0%         N/A       99%         3
 Frozen Ramparts          Ice            0%         1d2       99%         3
 Ignite Poison            Fire/Tmut/Pois 0%         N/A       99%         3
 Ozocubu's Armour         Ice            0%         N/A       99%         3
 Stone Arrow              Conj/Erth      0%         3d7       99%         3
 Vampiric Draining        Necr           0%         2d6       99%         3
 Cause Fear               Hex            0%         N/A       100%        4
 Flame Wave               Conj/Fire      0%         2d4       100%        4
 Hailstorm                Conj/Ice       0%         3d3       100%        4
 Leda's Liquefaction      Hex/Erth       0%         N/A       100%        4
 Olgreb's Toxic Radiance  Pois           0%         N/A       100%        4
 Passage of Golubria      Tloc           0%         N/A       100%        4
 Petrify                  Tmut/Erth      0%         N/A       100%        4
 Agony                    Necr           0%         N/A       100%        5
 Alistair's Intoxication  Tmut/Pois      0%         N/A       100%        5
 Blade Hands              Tmut           0%         N/A       100%        5
 Borgnjor's Vile Clutch   Necr/Erth      0%         N/A       100%        5
 Excruciating Wounds      Necr           0%         N/A       100%        5
 Fireball                 Conj/Fire      0%         3d3       100%        5
 Freezing Cloud           Conj/Ice/Air   0%         6-21      100%        5
 Irradiate                Conj/Tmut      0%         3d13      100%        5
 Iskenderun's Battlesphe  Conj           0%         2d6       100%        5
 Lee's Rapid Deconstruct  Erth           0%         3d5*      100%        5
 Lightning Bolt           Conj/Air       0%         1d11      100%        5
 Metabolic Englaciation   Hex/Ice        0%         N/A       100%        5
 Silence                  Hex/Air        0%         N/A       100%        5
 Yara's Violent Unravell  Hex/Tmut       0%         3d3       100%        5
 Conjure Ball Lightning   Conj/Air       0%         3x3d6     100%        6
 Eringya's Noxious Bog    Tmut/Pois      0%         N/A       100%        6
 Iron Shot                Conj/Erth      0%         9d1       100%        6
 Starburst                Conj/Fire      0%         6d3       100%        6
 Statue Form              Tmut/Erth      0%         N/A       100%        6
 Dragon Form              Tmut           0%         N/A       100%        7
 Enfeeble                 Hex            0%         N/A       100%        7
 Orb of Destruction       Conj           0%         N/A       100%        7
 Ozocubu's Refrigeration  Ice            0%         4d5       100%        7
 Storm Form               Tmut/Air       0%         N/A       100%        7
 Borgnjor's Revivificati  Necr           0%         N/A       100%        8
 Ignition                 Fire           0%         3d3       100%        8
 Lehudib's Crystal Spear  Conj/Erth      0%         10d2      100%        8
 Maxwell's Capacitive Co  Air            0%         ∞         100%        8
 Necromutation            Tmut/Necr      0%         N/A       100%        8
 Death's Door             Necr           0%         N/A       100%        9
 Polar Vortex             Ice            0%         N/A       100%        9
 Summon Lightning Spire   Summ/Air       Unusable   N/A       N/A         4
 Call Imp                 Summ           Unusable   N/A       N/A         2
 Call Canine Familiar     Summ           Unusable   N/A       N/A         3
 Summon Guardian Golem    Hex/Summ       Unusable   N/A       N/A         3
 Animate Armour           Summ/Erth      Unusable   N/A       N/A         4
 Simulacrum               Ice/Necr       Unusable   N/A       N/A         6
 Summon Cactus Giant      Summ           Unusable   N/A       N/A         6
 Spellforged Servitor     Conj/Summ      Unusable   N/A       N/A         7
 Dragon's Call            Summ           Unusable   N/A       N/A         9

Dungeon Overview and Level Annotations

Branches:
Dungeon (15/15)            Temple (1/1) D:7            Lair (6/6) D:8
  Swamp (4/4) Lair:2       Spider (4/4) Lair:4        Slime (0/5) Lair:6
    Orc (2/2) D:9             Elf (3/3) Orc:2        Vaults (5/5) D:13
  Crypt (3/3) Vaults:2       Tomb (0/3) Crypt:3      Depths (4/4) D:15
   Hell (visited)             Dis (7/7) Hell            Coc (2/7) Hell
    Zot (5/5) Depths:4      IceCv (visited)         Gauntlet (visited)
    Geh: Hell:1         Tar: Hell:1

Altars:
Cheibriados
Fedhas
Gozag
Kikubaaqudgha
Makhleb
Nemelex Xobeh
Okawaru
Qazlal
Ru
Sif Muna
Trog
Uskayaw
Wu Jian
Xom
Yredelemnul
Zin
The Shining One
Beogh

Shops:
D:1 :   D:10 [   D:11 (   D:12 :=   Orc:2 :[*(   Elf:1 ?   Elf:2 (   Elf:3 !=:=
Vaults:3 *   Vaults:4 =   Depths:4 **(

Portals:
Hell: Depths:1 Depths:2 Depths:3 Depths:4
Abyss: Depths:3
Pandemonium: Depths:1 Depths:2 Depths:4
Ziggurat: Depths:3

Annotations:
D:5 2 transporters, cameronsadist's ghost, amateur DgWn


Innate Abilities, Weirdness & Mutations

You have a pair of large horns on your head.
You reflexively headbutt those who attack you in melee.
You have a beak for a mouth.
You are clumsy. (Dex -2)
Armour fits poorly on your strangely shaped body.
Your body often deteriorates upon taking damage.
You are very dopey. (Int -4)
You are extremely frail. (-30% HP)
You are strong-willed. (Will+)
You do not regenerate when monsters are visible.
You are sometimes teleported next to monsters.
Your spells are much easier to cast, but much less powerful.
You sometimes lose the ability to read scrolls when taking damage.
You have hidden genetic defects.


Message History

Unknown command.
Unknown command.
Okay, then.
You feel yourself speed up. You block the hell beast's attack.
The hell beast tramples you but does no damage.
You block the angel's attack. x2; The seraph closely misses you.
You furiously retaliate!
You headbutt the seraph, but do no damage.
The seraph completely misses you. The hell beast bites you.
* * * LOW HITPOINT WARNING * * *
The hell beast tramples you.
* * * LOW HITPOINT WARNING * * *
You hold your ground!
You block the angel's attack. The angel completely misses you.
The angel hits you but does no damage. x2
The red devil completely misses you.
The seraph gestures.
The seraph begins to accept its allies' injuries.
The hell beast bites you but does no damage.
The hell beast closely misses you. The cherub completely misses you.
You block the cherub's attack.
You feel much better. You block the angel's attack. x2
The angel hits you with a +3 whip of holy wrath!
The angel closely misses you.
The seraph shouts a warning to its allies!
The hell beast bites you but does no damage.
You block the hell beast's attack.
The red devil hits you but does no damage.
The angel hits you with a +3 whip of holy wrath!!
* * * LOW HITPOINT WARNING * * *
You block the angel's attack. The angel completely misses you.
The angel hits you but does no damage. The cherub closely misses you. x2
Unknown command.
You block the hell beast's attack. The hell beast tramples you!
* * * LOW HITPOINT WARNING * * *
You are shoved backwards!
The angel barely misses you. You block the angel's attack.
You block the angel's attack. x2; The angel hits you but does no damage.
You block the angel's attack.
The seraph hits you with a +8 great sword of flaming!!!
You die...

.###...##############...###.....#
..###...##### #####...###...#...
...###......# #..[...###...###..
#...###.....# #..)[[###...###...
##...######## ###..###...###...#
###...## ########AA##...###...##
.#.....# #......2).....## ##.###
....#..# #.....AA4....#### ####.
...##### ######@A#######.## ##..
#...############..######...###...
##........................###...#
##......................###...##
#######..######..##########...###
..#####..## ##..#### ###.....#.
..........# #......# #....#....
#.........# #......# #...###...
#####..#### ######## ######<..#


You could see a seraph (strong, catching breath), a daeva (summoned, strong,
sheltered), 2 angels, a hell beast (sheltered), a cherub (summoned, sheltered)
and a red devil (sheltered).

Vanquished Creatures
  6 dread liches
  Khufu (Crypt:3)
  6 orbs of fire
  4 ancient liches
  Mara (Swamp:3)
  The ghost of Qanuace the Warrior, a veteran DsFi of Okawaru (Vaults:2)
  Boris (thrice) (Vaults:4 Crypt:1 Depths:3)
  2 pandemonium lords
  A royal mummy (Crypt:3)
  7 Killer Klowns
  Bai Suzhen (Spider:4)
  5 curse toes
  Margery (Vaults:4)
  Frederick (Crypt:3)
  Saint Roka (Orc:2)
  Geryon (Hell)
  12 caustic shrikes
  Nikola (Vaults:2)
  2 golden dragons (shapeshifter) (Depths:3)
  6 golden dragons
  5 profane servitors
  Jory (Crypt:3)
  10 bone dragons
  3 electric golems
  Arachne (Spider:2)
  10 iron giants
  Jorgrun (Spider:3)
  14 Hell Sentinels
  18 tentacled monstrosities
  3 hellephants
  2 Ice Fiends
  26 Orb Guardians
  8 titans
  8 quicksilver dragons
  2 deep elf blademasters
  Murray (Hell)
  A deep elf master archer (Elf:3)
  13 liches
  24 ancient champions
  Gastronok (D:8)
  33 tentacled starspawn
  6 death cobs
  16 shadow dragons
  4 Executioners
  Agnes (D:14)
  12 tengu reavers
  6 sphinxes
  Kirke (Swamp:3)
  4 revenants
  13 storm dragons
  A thorn hunter (Swamp:4)
  4 daevas (Abyss:1)
  Donald (Swamp:3)
  3 storm dragons (shapeshifter) (Depths:3)
  3 draconian monks
  12 quicksilver elementals
  A fenstrider witch (Swamp:1)
  5 draconian knights
  16 ghost moths
  A nargun (Coc:2)
  9 deep elf sorcerers
  7 fire giants
  5 iron dragons
  5 orc warlords
  An emperor scorpion (shapeshifter) (Depths:3)
  9 frost giants
  An iron dragon (shapeshifter) (Depths:3)
  2 shard shrike simulacra (Coc:2)
  2 cacodemons (Abyss:1)
  3 balrugs
  22 vault wardens
  4 draconian scorchers
  5 emperor scorpions
  4 draconian shifters
  Louise (Spider:1)
  6 deep elf elementalists
  A curse skull (Crypt:2)
  5 draconian stormcallers
  24 very ugly things
  Aizul (Spider:4)
  A broodmother (Spider:2)
  A ghoul (Crypt:3)
  17 ironbound preservers
  4 reapers
  An ophan (Abyss:1)
  8 ironbound thunderhulks
  8 draconian annihilators
  3 caustic shrike skeletons
  9 stone giants
  7 eleionomae
  30 war gargoyles
  13 green draconians
  6 black draconians
  2 deep elf demonologists
  8 lorocyprocas
  11 vampire knights
  An entropy weaver (Spider:4)
  A bunyip (shapeshifter) (Vaults:5)
  10 deep elf annihilators
  5 white draconians
  3 bunyips
  A minotaur (Gauntlet)
  Azrael (Spider:1)
  15 purple draconians
  15 red draconians
  10 yellow draconians
  9 dire elephants
  13 iron golems
  7 spark wasps
  4 green deaths
  An ettin (shapeshifter) (Depths:3)
  A spectral quicksilver dragon (Crypt:3)
  3 eidola
  11 ettins
  8 deep elf death magi
  6 blizzard demons (Abyss:1)
  2 crystal guardians
  21 jiangshi
  7 deep elf high priests
  6 fire dragons
  3 spriggan zombies
  2 shambling mangroves
  2 fire dragons (shapeshifter) (Depths:3)
  Harold (D:7)
  12 great orbs of eyes
  29 vault guards
  22 hydras
  A fenstrider witch zombie (Abyss:1)
  10 rakshasas
  6 ice dragons
  A hydra (shapeshifter) (Abyss:1)
  17 yaktaur captains
  2 ghost crabs (Swamp:1)
  A jorogumo (shapeshifter) (Depths:3)
  A jorogumo (Spider:4)
  6 spriggan air magi
  2 salamander tyrants
  7 boulder beetles
  2 ogre magi
  A caustic shrike simulacrum (Coc:2)
  A peacekeeper (Vaults:1)
  5 death knights
  A radroach (shapeshifter) (Vaults:5)
  2 naga warriors (Abyss:1)
  A catoblepas (Lair:3)
  A spriggan skeleton (Abyss:1)
  32 centaur warriors
  2 radroaches
  31 dancing weapons
  A death scarab (Spider:4)
  5 deep troll earth magi
  4 ironbound frosthearts
  9 two-headed ogres
  15 hell hogs
  4 deep troll shamans
  2 orc high priests
  5 tengu warriors
  23 alligators
  35 thrashing horrors
  5 vampire magi
  A shock serpent (shapeshifter) (Vaults:5)
  2 titan zombies
  8 sun demons
  4 spriggan berserkers
  15 deep elf knights
  16 hell knights
  7 crystal echidnas
  2 soul eaters
  Nergalle (Orc:2)
  35 wretched stars (Abyss:1)
  10 spriggans
  5 pharaoh ants
  A salamander mystic (Depths:4)
  46 skeletal warriors
  13 sixfirhies
  9 spatial maelstroms
  2 anaconda zombies
  A spark wasp zombie (Depths:1)
  8 steelbarb worms
  3 iron trolls
  2 bunyip zombies
  9 goliath frogs
  5 shadow wraiths
  4 spriggan druids
  An obsidian statue (D:10)
  55 deep trolls
  A quicksilver dragon simulacrum (Crypt:3)
  6 flayed ghosts
  A fire crab (Swamp:4)
  A shadow dragon zombie (Depths:2)
  7 glowing orange brains
  3 shadow demons (Abyss:1)
  17 orb spiders
  13 ironbound convokers
  11 swamp dragons
  A glowing orange brain (shapeshifter) (Depths:3)
  A bunyip skeleton (Abyss:1)
  An orange crystal statue (Vaults:1)
  14 phantasmal warriors
  5 bog bodies
  12 wizards
  A sphinx zombie (Vaults:3)
  13 deep elf archers
  16 deep elf pyromancers
  21 orc knights
  9 lindwurms
  An anaconda skeleton (Abyss:1)
  A shining eye (shapeshifter) (D:13)
  A tengu skeleton (Vaults:2)
  10 necromancers
  17 deep elf zephyrmancers
  3 salamanders (Depths:4)
  19 worldbinders
  4 orc sorcerers
  2 mana vipers (Abyss:1)
  8 cyclopes
  A shining eye (Abyss:1)
  2 wolf spider zombies
  A faun (shapeshifter) (Depths:3)
  A fire giant zombie (Vaults:3)
  2 oklob plants (Lair:6)
  A stone giant zombie (Depths:2)
  27 wolf spiders
  19 moths of wrath
  2 salamanders (shapeshifter)
  37 ugly things
  A manticore (shapeshifter) (Depths:3)
  3 manticores
  A fire giant skeleton (Vaults:2)
  A guardian serpent (shapeshifter) (D:15)
  7 will-o-the-wisps
  6 apocalypse crabs (Abyss:1)
  9 elephants
  5 centaur zombies
  10 rust devils
  26 vault sentinels
  3 naga magi (Abyss:1)
  4 stone giant skeletons
  3 molten gargoyles (Lair:6)
  33 smoke demons
  A toenail golem (Abyss:1)
  A gargoyle (D:14)
  13 orange demons
  10 black mambas
  5 guardian serpents (Abyss:1)
  A storm dragon simulacrum (Coc:1)
  7 cane toads
  8 torpor snails
  2 ice statues
  6 rime drakes
  7 unseen horrors
  A dire elephant skeleton (Abyss:1)
  A cane toad (shapeshifter) (Abyss:1)
  A kobold demonologist (D:12)
  2 eyes of devastation
  19 freezing wraiths
  11 komodo dragons
  13 demonic crawlers
  41 yaktaurs
  A centaur skeleton (D:8)
  A white draconian zombie (Crypt:1)
  7 hellions
  2 alligator snapping turtle skeletons
  10 efreet (Abyss:1)
  3 anaconda simulacra
  4 tormentors
  An entropy weaver simulacrum (IceCv)
  A golden dragon simulacrum (Depths:2)
  An iron giant simulacrum (Coc:1)
  21 ice devils
  13 hellwings
  3 red devils
  A harpy zombie (Abyss:1)
  2 hydra zombies (Hell)
  A tengu conjurer (Depths:3)
  2 spectral harpies (Crypt:3)
  A queen bee (shapeshifter) (Elf:1)
  A sea snake skeleton (Hell)
  32 ancient zymes
  8 trolls
  A meliai (shapeshifter) (Vaults:5)
  3 polar bears
  3 tyrant leeches (Swamp:3)
  12 hornets
  A bloated husk (Swamp:1)
  A polar bear (shapeshifter) (D:13)
  8 blink frogs
  26 meliai
  27 tarantellas
  A wind drake (shapeshifter) (Elf:1)
  A shadow dragon simulacrum (Coc:1)
  3 harpy skeletons (Abyss:1)
  3 ettin zombies
  62 raiju
  6 dream sheep (Lair:6)
  2 hydra skeletons (Hell)
  An iron dragon simulacrum (Coc:1)
  18 slime creatures
  2 stone giant simulacra
  A meliai zombie (D:11)
  A black mamba zombie (Abyss:1)
  A centaur simulacrum (Abyss:1)
  A jumping spider (shapeshifter) (Vaults:5)
  A fire dragon zombie (Crypt:1)
  56 flying skulls
  22 culicivoras
  141 starcursed masses (Abyss:1)
  An alligator zombie (Hell)
  A spriggan (shapeshifter) (Crypt:2)
  19 wraiths
  3 shadows
  An ettin skeleton (Vaults:2)
  5 water elementals
  28 ynoxinuls
  31 jumping spiders
  58 yaks
  An air elemental (Abyss:1)
  8 wyverns
  An elf skeleton (Vaults:2)
  8 fire bats (Abyss:1)
  A yak (shapeshifter) (Abyss:1)
  3 vampires
  3 dire elephant simulacra
  18 chaos spawn
  2 hogs (shapeshifter)
  10 golden eyes (Abyss:1)
  3 basilisks
  A basilisk (shapeshifter) (Vaults:5)
  8 fire elementals
  7 hogs (Swamp:3)
  12 neqoxecs (Abyss:1)
  59 redbacks
  3 death yak simulacra (IceCv)
  A human simulacrum (Vaults:3)
  4 steam dragons
  19 swamp worms
  2 wargs
  104 large abominations
  10 nagas (Abyss:1)
  18 vampire mosquitoes
  A faun zombie (Crypt:2)
  20 spatial vortices
  10 hell hounds
  A swamp worm (shapeshifter) (Vaults:5)
  3 harpy simulacra
  A merfolk skeleton (Crypt:2)
  An acid dragon (D:11)
  9 water moccasins
  A floating eye (Lair:6)
  11 swamp drakes (Swamp:4)
  A floating eye (shapeshifter) (Abyss:1)
  A deep troll skeleton (Abyss:1)
  4 ice beasts
  37 orc warriors
  2 sky beasts (Abyss:1)
  4 black bears
  A fire dragon simulacrum (Coc:1)
  4 necrophages (Crypt:3)
  11 ogres
  4 hornet zombies
  An ettin simulacrum (Coc:2)
  19 wolves
  6 centaurs
  A manticore skeleton (Crypt:2)
  A dream sheep skeleton (Crypt:2)
  A swamp dragon skeleton (Hell)
  4 kobold brigands
  2 phantoms
  An octopode zombie (Crypt:2)
  2 gnoll sergeants
  9 bullfrogs
  6 earth elementals
  5 scorpions
  111 small abominations
  7 cane toad simulacra (IceCv)
  7 human skeletons
  A water moccasin zombie (D:7)
  A cyclops skeleton (Crypt:1)
  A warg zombie (Crypt:1)
  3 water moccasin skeletons
  5 wights (Abyss:1)
  3 elephant simulacra (IceCv)
  4 electric eels
  A troll skeleton (Crypt:2)
  5 crimson imps (Abyss:1)
  5 lava snakes (Lair:6)
  11 quasits (Abyss:1)
  22 orc priests
  4 hounds
  7 jellies
  2 bullfrog skeletons
  A bullfrog zombie (D:6)
  17 iron imps
  A gnoll shaman (D:6)
  4 hell rats (Hell)
  A scorpion zombie (D:5)
  25 orc wizards
  2 troll simulacra (IceCv)
  A polar bear simulacrum (IceCv)
  3 spriggan simulacra
  A killer bee zombie (D:7)
  6 wolf simulacra (IceCv)
  3 naga skeletons
  2 mummies (Crypt:3)
  3 howler monkey zombies (D:9)
  11 gnolls
  9 adders
  A naga simulacrum (IceCv)
  4 shadow imps (D:8)
  24 white imps
  25 ufetubi
  A worm zombie (Crypt:1)
  2 worms
  2 dart slugs
  67 orcs
  5 ball pythons
  4 endoplasms
  3 giant cockroaches
  2 goblins (D:3)
  8 hobgoblins
  6 jackals
  16 kobolds
  6 quokkas
  A ball python skeleton (Crypt:2)
  9 bats
  A frilled lizard (D:1)
  A jackal skeleton (Crypt:2)
  5 rats
  4 briar patches (Swamp:4)
  A butterfly (Lair:2)
  A fire vortex (Hell)
  2 lurking horrors (Abyss:1)
  33 starspawn tentacles
3600 creatures vanquished.

Vanquished Creatures (others)
  A dread lich (Zot:5)
  A caustic shrike (Dis:2)
  An entropy weaver (Vaults:3)
  A rakshasa (Abyss:1)
  A deep elf knight (Elf:2)
  2 deep elf zephyrmancers
  A wizard (Vaults:3)
  An orange demon (Zot:4)
  A meliai (Spider:3)
  4 bloated husks
  A large abomination (Abyss:1)
  A redback (Spider:2)
  4 swamp drakes (Swamp:4)
  A jelly (Abyss:1)
  A white imp (Abyss:1)
  An ufetubus (Abyss:1)
  A briar patch (Swamp:4)
  36 foxfires
  47 fungi
  A lurking horror (Abyss:1)
  68 plants
  59 starspawn tentacles
  5 toadstools (D:1)
  6 withered plants (D:8)
246 creatures vanquished.

Grand Total: 3846 creatures vanquished

Notes
Turn   | Place    | Note
-------+----------+-------------------------------------------
     0 | D:1      | Urgle the Minotaur Fighter began the quest for the Orb.
     0 | D:1      | Reached XP level 1. HP: 19/19 MP: 0/0
    57 | D:1      | Found a faded altar of an unknown god.
   276 | D:1      | Reached XP level 2. HP: 26/26 MP: 1/1
   590 | D:1      | Found Elenow's Book Shoppe.
   986 | D:2      | Reached XP level 3. HP: 31/31 MP: 2/2
  1169 | D:2      | Found a glowing golden altar of the Shining One.
  1570 | D:2      | Reached skill level 5 in Axes
  1896 | D:3      | Reached XP level 4. HP: 39/39 MP: 3/3
  2315 | D:3      | Noticed an ogre
  2321 | D:3      | Killed an ogre
  2322 | D:3      | Reached XP level 5. HP: 5/45 MP: 4/4
  2598 | D:3      | Found a sacrificial altar of Ru.
  3284 | D:4      | Found a glowing silver altar of Zin.
  3284 | D:4      | Noticed an angel
  3915 | D:4      | Noticed a phantom
  3934 | D:4      | Killed a phantom
  3935 | D:4      | Reached XP level 6. HP: 40/51 MP: 5/5
  4067 | D:4      | Reached skill level 5 in Armour
  4379 | D:5      | Entered Level 5 of the Dungeon
  4385 | D:5      | Noticed an ice beast
  4393 | D:5      | Killed an ice beast
  4394 | D:5      | Reached XP level 7. HP: 41/57 MP: 6/6
  4590 | D:5      | Reached skill level 5 in Fighting
  5008 | D:5      | Found a transporter.
  5013 | D:5      | Noticed cameronsadist's ghost (amateur DgWn)
  5014 | D:5      | Found a transporter.
  5020 | D:5      | Identified the +6 dire flail "Sutrirgh" {vorpal, Int+5}
  5196 | D:5      | Identified the ring "Qebbalytux" {EV+4 Str+4}
  5230 | D:5      | Found an opulent altar of Gozag.
  5230 | D:5      | Found a sparkling altar of Nemelex Xobeh.
  5276 | D:5      | Reached XP level 8. HP: 66/73 MP: 7/7
  5350 | D:5      | Reached skill level 1 in Dodging
  5960 | D:6      | Reached skill level 5 in Dodging
  5974 | D:6      | Noticed a troll
  5991 | D:6      | Killed a troll
  6104 | D:6      | Reached XP level 9. HP: 74/79 MP: 8/8
  6654 | D:6      | Reached skill level 10 in Axes
  7181 | D:7      | Found a staircase to the Ecumenical Temple.
  7219 | Temple   | Entered the Ecumenical Temple
  7321 | Temple   | Became a worshipper of Warmaster Okawaru
  7804 | D:7      | Found a basalt altar of Yredelemnul.
  7899 | D:7      | Found a stormy altar of Qazlal.
  8227 | D:7      | Noticed Harold
  8239 | D:7      | Killed Harold
  8239 | D:7      | Reached * piety under Okawaru
  8240 | D:7      | Reached skill level 10 in Armour
  8240 | D:7      | Reached XP level 10. HP: 29/86 MP: 9/9
  8859 | D:8      | Reached ** piety under Okawaru
  9495 | D:8      | Noticed Gastronok
  9524 | D:8      | Killed Gastronok
  9524 | D:8      | Reached *** piety under Okawaru
  9774 | D:8      | Reached XP level 11. HP: 55/92 MP: 10/10
  9804 | D:8      | Reached **** piety under Okawaru
 10012 | D:8      | Found a staircase to the Lair.
 10666 | Lair:1   | Entered Level 1 of the Lair of Beasts
 11354 | Lair:1   | Reached skill level 10 in Fighting
 11809 | Lair:1   | Reached ***** piety under Okawaru
 11836 | Lair:1   | Noticed a five-headed hydra
 11840 | Lair:1   | Reached skill level 15 in Axes
 11845 | Lair:1   | Killed a five-headed hydra
 12593 | Lair:2   | Received a gift from Okawaru
 12788 | Lair:2   | Found a staircase to the Swamp.
 12793 | Lair:2   | HP: 1/99 [will-o-the-wisp/foxfire (20)]
 13415 | Lair:2   | Reached XP level 12. HP: 94/106 MP: 11/11
 14120 | Lair:3   | Found a shimmering altar of Xom.
 14412 | Lair:3   | Noticed a catoblepas
 14432 | Lair:3   | Killed a catoblepas
 14591 | Lair:3   | Noticed a five-headed hydra
 14621 | Lair:3   | Killed a seven-headed hydra
 15620 | Lair:4   | Reached skill level 5 in Shields
 15739 | Lair:4   | Reached ****** piety under Okawaru
 15863 | Lair:4   | Noticed a four-headed hydra
 15873 | Lair:4   | Killed a four-headed hydra
 15873 | Lair:4   | Identified the +1 ring mail "Lisih" {Will+ Regen+} (Okawaru
                  | gifted it to you on level 4 of the Lair of Beasts)
 15873 | Lair:4   | Received a gift from Okawaru
 16207 | Lair:4   | Found a hole to the Spider Nest.
 16906 | Lair:4   | Reached skill level 10 in Shields
 17116 | Lair:4   | Noticed a five-headed hydra
 17127 | Lair:4   | Killed a five-headed hydra
 17524 | Lair:5   | Noticed a four-headed hydra
 17543 | Lair:5   | Killed a four-headed hydra
 17544 | Lair:5   | Reached XP level 13. HP: 59/113 MP: 3/12
 18449 | Lair:6   | Entered Level 6 of the Lair of Beasts
 18449 | Lair:6   | Found the +1 robe of Vines {NoPotionHeal Regen++++}
 19296 | Lair:6   | Reached skill level 1 in Crossbows
 19591 | Lair:6   | Identified the +8 war axe of Fortitude {speed, Int+8}
                  | (Okawaru gifted it to you on level 6 of the Lair of Beasts)
 19591 | Lair:6   | Received a gift from Okawaru
 20522 | Lair:6   | Found a large runed translucent door.
 20526 | Lair:6   | Found a large runed translucent door.
 20772 | Lair:6   | Noticed a fire dragon
 20843 | Lair:6   | Received a gift from Okawaru
 20990 | Lair:6   | Paralysed by a floating eye for 2 turns
 21226 | Lair:6   | Found a staircase to the Slime Pits.
 21512 | Lair:5   | Received a gift from Okawaru
 22227 | Lair:6   | Reached XP level 14. HP: 130/133 MP: 0/13
 22561 | Lair:6   | Reached skill level 15 in Fighting
 22577 | Lair:6   | Identified the +2 hand crossbow "Tuos" {freeze, Will+}
 23140 | D:9      | Found a staircase to the Orcish Mines.
 23370 | D:9      | Learned a level 3 spell: Portal Projectile
 24146 | D:10     | Entered Level 10 of the Dungeon
 24185 | Orc:1    | Entered Level 1 of the Orcish Mines
 24758 | Orc:2    | Entered Level 2 of the Orcish Mines
 24891 | Orc:2    | Noticed Nergalle
 24895 | Orc:2    | Noticed Saint Roka
 24903 | Orc:2    | Killed Nergalle
 25169 | Orc:2    | Found a staircase to the Elven Halls.
 25230 | Orc:2    | Noticed an orc warlord
 25601 | Orc:1    | Killed an orc warlord
 27595 | D:10     | Found an ornate altar of the Wu Jian Council.
 27870 | D:10     | Reached skill level 15 in Shields
 27870 | D:10     | Reached skill level 5 in Crossbows
 28017 | D:10     | Found Juip's Antique Armour Shop.
 28158 | D:10     | Found the +4 robe of Folly {Brilliance Will-∞ Int+8}
 28494 | D:11     | Found a shimmering altar of Xom.
 28494 | D:11     | Found the +7 mace of Variability {chain chaos}
 28998 | D:11     | Found Adiwk's Antique Weapon Shoppe.
 29126 | D:11     | Identified the +1 mace "Beastbane" {vorpal, *Noise rPois
                  | rF+}
 29819 | D:12     | Found Waitt's Self-Improvement Boutique.
 29831 | D:12     | Bought a manual of Translocations for 880 gold pieces
 29841 | D:12     | Identified the +5 ring mail of Music {Dex+2} (Okawaru
                  | gifted it to you on level 12 of the Dungeon)
 29841 | D:12     | Received a gift from Okawaru
 29878 | D:12     | Found Jobboxka's Jewellery Emporium.
 29881 | D:12     | Bought the amulet of Vysyts {Reflect rPois Will++ SH+5} for
                  | 595 gold pieces
 30048 | D:12     | Found a frozen archway.
 30071 | IceCv    | Entered an ice cave
 30606 | IceCv    | Found the +4 skin of Zhor {*Englaciate rC+++ SInv}
 30892 | IceCv    | Identified the ring "Isist" {*Slow rN+ Int+4 Dex+8}
 31047 | IceCv    | Found an ancient bone altar of Kikubaaqudgha.
 31093 | IceCv    | Reached XP level 15. HP: 98/141 MP: 0/14
 31468 | D:13     | Found a gate leading to a gauntlet.
 31515 | Gauntlet | Entered a Gauntlet
 31515 | Gauntlet | Found a transporter.
 31596 | Gauntlet | Found a transporter.
 31598 | Gauntlet | Found a transporter.
 31618 | Gauntlet | Found a transporter.
 31619 | Gauntlet | Found a transporter.
 31622 | Gauntlet | Found a runed translucent door.
 31626 | Gauntlet | Found a runed translucent door.
 31631 | Gauntlet | Found a transporter.
 31648 | Gauntlet | Found a transporter.
 31661 | Gauntlet | Found a transporter.
 31668 | Gauntlet | Found a transporter.
 31683 | Gauntlet | Found a transporter.
 31683 | Gauntlet | Found a transporter.
 31685 | Gauntlet | Found a transporter.
 31721 | Gauntlet | Found a transporter.
 31862 | Gauntlet | Found a transporter.
 32277 | Gauntlet | Identified the +0 pair of gloves of Lufuq {Will+}
 32376 | Gauntlet | Identified the +3 mace of a Gauntlet {drain, rF- Dex+6
                  | Stlth+}
 32628 | D:13     | Identified the +8 lajatang "Worm's Wrath" {drain, rN+++
                  | Will- Int+4 Stlth+}
 32957 | D:13     | Found a gate to the Vaults.
 33251 | D:13     | Gained mutation: You are clumsy. (Dex -2) [a shining eye]
 33260 | D:13     | Received a gift from Okawaru
 33801 | Swamp:1  | Entered Level 1 of the Swamp
 34537 | Swamp:1  | Found the +8 storm bow {elec, penet}
 34538 | Swamp:1  | Noticed a fenstrider witch
 34546 | Swamp:1  | Killed a fenstrider witch
 35853 | Swamp:2  | Received a gift from Okawaru
 36274 | Swamp:2  | Identified the +7 chain mail of Magic {Stlth+} (Okawaru
                  | gifted it to you on level 2 of the Swamp)
 36274 | Swamp:2  | Received a gift from Okawaru
 36487 | D:8      | Identified 4 scrolls of acquirement
 36488 | D:8      | Acquired a manual of Shields
 36490 | D:8      | Acquired 1108 gold pieces
 36491 | D:8      | Acquired the +2 hat "Zepaliv" {rC++ Will+}
 36492 | D:8      | Acquired the +12 broad axe "Naquozo" {vorpal, *Slow Int+2
                  | Dex+4 SInv}
 37621 | Swamp:3  | Noticed Kirke
 37625 | Swamp:3  | Reached XP level 16. HP: 134/149 MP: 1/15
 37645 | Swamp:3  | Killed Kirke
 37963 | Swamp:3  | Noticed Donald
 37983 | Swamp:3  | Killed Donald
 38190 | Swamp:3  | Noticed Mara
 38195 | Swamp:3  | Noticed Urgle's illusion
 38236 | Swamp:3  | Noticed Urgle's illusion
 38241 | Swamp:3  | Noticed Urgle's illusion
 38244 | Swamp:3  | Killed Mara
 38821 | Swamp:3  | Identified the +4 hand crossbow "Ydigg" {freeze, +Blink
                  | Int+4 Dex+4} (Okawaru gifted it to you on level 3 of the
                  | Swamp)
 38821 | Swamp:3  | Received a gift from Okawaru
 39449 | Swamp:4  | Entered Level 4 of the Swamp
 39907 | Swamp:4  | Received a gift from Okawaru
 40165 | Swamp:4  | Got a decaying rune of Zot
 40737 | Swamp:4  | Noticed a thorn hunter
 40751 | Swamp:4  | Killed a thorn hunter
 40759 | Swamp:4  | Received a gift from Okawaru
 41465 | Spider:1 | Entered Level 1 of the Spider Nest
 41492 | Spider:1 | Noticed Louise
 41505 | Spider:1 | Killed Louise
 41509 | Spider:1 | Reached skill level 15 in Armour
 41592 | Spider:1 | Reached XP level 17. HP: 156/156 MP: 5/16
 41600 | Spider:1 | Noticed Azrael
 41608 | Spider:1 | Killed Azrael
 42417 | Spider:2 | Received a gift from Okawaru
 42439 | Spider:2 | Received a gift from Okawaru
 42439 | Spider:2 | Noticed Arachne
 42723 | Spider:2 | Killed Arachne
 44359 | Spider:3 | Noticed Jorgrun
 44380 | Spider:3 | Received a gift from Okawaru
 44385 | Spider:3 | Noticed Bai Suzhen
 44413 | Spider:4 | Entered Level 4 of the Spider Nest
 44451 | Spider:4 | Noticed Aizul
 44469 | Spider:4 | Killed Aizul
 44682 | Spider:4 | Identified the +3 kite shield "Jyguwno" {rPois Str+2}
                  | (Okawaru gifted it to you on level 4 of the Spider Nest)
 44682 | Spider:4 | Received a gift from Okawaru
 44768 | Spider:3 | Killed Jorgrun
 44790 | Spider:4 | Killed Bai Suzhen
 45716 | Spider:3 | Reached XP level 18. HP: 163/163 MP: 3/17
 46534 | Spider:3 | Received a gift from Okawaru
 46933 | Spider:4 | Identified the +2 chain mail of Meetidd {rF+} (Okawaru
                  | gifted it to you on level 4 of the Spider Nest)
 46933 | Spider:4 | Received a gift from Okawaru
 47785 | Spider:4 | Got a gossamer rune of Zot
 48308 | Orc:2    | Killed Saint Roka
 48309 | Orc:2    | Found Pueciysh's Book Boutique.
 48334 | Orc:2    | Found Pownyronn's General Store.
 48341 | Orc:2    | Bought a potion of heal wounds for 70 gold pieces
 48341 | Orc:2    | Bought a scroll of identify for 28 gold pieces
 48352 | Orc:2    | Found Womur's Antique Weapon Boutique.
 48374 | Orc:2    | Found Effeggonla's Antique Armour Boutique.
 48382 | Orc:2    | Bought a pair of runed gloves for 232 gold pieces
 48609 | Elf:1    | Entered Level 1 of the Elven Halls
 48962 | Elf:1    | Found Liptimirph's Magic Scroll Shop.
 48967 | Elf:1    | Reached skill level 1 in Invocations
 48981 | Elf:1    | Bought a scroll of identify for 24 gold pieces
 48981 | Elf:1    | Bought a scroll of silence for 90 gold pieces
 48981 | Elf:1    | Bought 2 scrolls of identify for 48 gold pieces
 48981 | Elf:1    | Bought a scroll of teleportation for 36 gold pieces
 48981 | Elf:1    | Bought a scroll of teleportation for 36 gold pieces
 49413 | Elf:1    | Reached skill level 5 in Invocations
 49707 | Elf:2    | Identified the +0 pair of boots "Xeerpheevu" {Regen+ MP+9}
                  | (Okawaru gifted it to you on level 2 of the Elven Halls)
 49707 | Elf:2    | Received a gift from Okawaru
 50118 | Elf:2    | Found a runed translucent gate.
 50118 | Elf:2    | Found a runed translucent gate.
 50118 | Elf:2    | Found a runed translucent gate.
 50210 | Elf:2    | Reached XP level 19. HP: 119/170 MP: 0/24
 51341 | Elf:2    | Found Waigach's Antique Weapon Emporium.
 51537 | Elf:3    | Entered Level 3 of the Elven Halls
 51592 | Elf:3    | Found Igguss's Jewellery Emporium.
 51592 | Elf:3    | Found Petienenwi's Book Shop.
 51593 | Elf:3    | Found Ilom's Jewellery Emporium.
 51599 | Elf:3    | Bought the ring "Hoblits" {rN+ Str+3} for 466 gold pieces
 51636 | Elf:3    | Reached skill level 10 in Invocations
 52091 | Elf:3    | Received a gift from Okawaru
 52569 | Elf:3    | Identified the amulet "Juzxi" {Reflect +Blink rN+++ rCorr
                  | Int-3 SH+5}
 52960 | Elf:3    | Learned a level 3 spell: Swiftness
 53531 | Elf:3    | Found Ossoidex's Distillery.
 53539 | Elf:3    | Received a gift from Okawaru
 53555 | Elf:3    | Bought a potion of might for 44 gold pieces
 53555 | Elf:3    | Bought a potion of berserk rage for 55 gold pieces
 53555 | Elf:3    | Bought 2 potions of heal wounds for 110 gold pieces
 53569 | Elf:3    | Bought a potion of magic for 88 gold pieces
 53572 | Elf:3    | Bought a potion of lignification for 33 gold pieces
 53572 | Elf:3    | Bought a potion of resistance for 110 gold pieces
 53573 | Elf:3    | Lost mutation: You are clumsy. (Dex -2) [potion of
                  | mutation]
 53573 | Elf:3    | Gained mutation: You have a somewhat thin skeletal
                  | structure. (Dex +2, Stealth+) [potion of mutation]
 53573 | Elf:3    | Gained mutation: You have a pair of large horns on your
                  | head. [potion of mutation]
 53573 | Elf:3    | Gained mutation: Your system is resistant to poisons.
                  | (rPois) [potion of mutation]
 53574 | Elf:3    | Lost mutation: You have a somewhat thin skeletal structure.
                  | (Dex +2, Stealth+) [potion of mutation]
 53574 | Elf:3    | Lost mutation: Your system is resistant to poisons. (rPois)
                  | [potion of mutation]
 53574 | Elf:3    | Lost mutation: You have a pair of large horns on your head.
                  | [potion of mutation]
 53574 | Elf:3    | Gained mutation: Your mind is acute. (Int +2) [potion of
                  | mutation]
 53574 | Elf:3    | Gained mutation: You are partially covered in iridescent
                  | scales. (AC +2) [potion of mutation]
 53892 | Vaults:1 | Entered Level 1 of the Vaults
 54093 | Vaults:1 | Found a transporter.
 54102 | Vaults:1 | Found a transporter.
 54621 | Vaults:1 | Reached skill level 10 in Dodging
 55599 | Vaults:1 | Received a gift from Okawaru
 56095 | Vaults:1 | Reached XP level 20. HP: 178/178 MP: 25/28
 56686 | Vaults:2 | Found a runed translucent gate.
 56686 | Vaults:2 | Found a runed translucent gate.
 56686 | Vaults:2 | Found an ancient bone altar of Kikubaaqudgha.
 56686 | Vaults:2 | Noticed a dread lich
 56686 | Vaults:2 | Noticed Qanuace's ghost (veteran DsFi)
 56687 | Vaults:2 | Found a runed translucent gate.
 56687 | Vaults:2 | Noticed an ancient lich
 56700 | Vaults:2 | Killed an ancient lich
 56708 | Vaults:2 | Killed a dread lich
 56712 | Vaults:2 | Killed Qanuace's ghost
 56725 | Vaults:2 | Identified the ring "Maashret" {Wiz rElec rPois rCorr
                  | Str-5}
 56738 | Vaults:2 | Identified the +1 cloak of Hedging {+Blink}
 56877 | Vaults:2 | Received a gift from Okawaru
 57405 | Vaults:2 | Received a gift from Okawaru
 57408 | Vaults:2 | Reached skill level 15 in Dodging
 57768 | Vaults:2 | Found a staircase to the Crypt.
 57998 | Vaults:2 | Noticed Nikola
 58010 | Vaults:2 | Received a gift from Okawaru
 58023 | Vaults:2 | Killed Nikola
 58080 | Vaults:2 | Received a gift from Okawaru
 59211 | Vaults:3 | Received a gift from Okawaru
 59245 | Vaults:3 | Reached XP level 21. HP: 181/184 MP: 0/29
 59587 | Vaults:3 | Received a gift from Okawaru
 60003 | Vaults:3 | You fall into a shaft and drop 1 floor!
 60108 | Vaults:3 | Received a gift from Okawaru
 60328 | Vaults:3 | Found Nitrat's Assorted Antiques.
 60342 | Vaults:3 | Bought a scroll of enchant armour for 150 gold pieces
 60342 | Vaults:3 | Bought a potion of heal wounds for 100 gold pieces
 61044 | Vaults:4 | Noticed Margery
 61074 | Vaults:4 | Killed Margery
 61074 | Vaults:4 | Identified the +5 hand axe of Okawaru's Respect {vorpal,
                  | Int+3 Dex+2} (Okawaru gifted it to you on level 4 of the
                  | Vaults)
 61074 | Vaults:4 | Received a gift from Okawaru
 62333 | Vaults:4 | Found Piezafih's Jewellery Boutique.
 62341 | Vaults:4 | Bought the ring "Beodur" {Fly rElec rPois MP+9} for 982
                  | gold pieces
 62401 | Vaults:4 | Received a gift from Okawaru
 62559 | Vaults:4 | Noticed Boris
 62568 | Vaults:4 | Received a gift from Okawaru
 62572 | Vaults:4 | Killed Boris
 63464 | Vaults:5 | Entered Level 5 of the Vaults
 63490 | Vaults:5 | Received a gift from Okawaru
 63506 | Vaults:4 | Identified the +1 chain mail "Itziet Ixei" {*Corrode Str-2
                  | Dex+8 Slay+2} (Okawaru gifted it to you on level 4 of the
                  | Vaults)
 63506 | Vaults:4 | Received a gift from Okawaru
 63679 | Vaults:5 | Reached XP level 22. HP: 183/192 MP: 20/30
 63683 | Vaults:5 | Noticed a golden dragon
 63709 | Vaults:5 | Killed a golden dragon
 63992 | Vaults:5 | Identified the +3 trident of Cataclysm {drain, rCorr Str+7
                  | Dex-3 SInv}
 64307 | Vaults:5 | Noticed a golden dragon
 64311 | Vaults:5 | Identified the +7 flail of Wianiyx {antimagic, Str+4 Int+2}
 64322 | Vaults:5 | Noticed a golden dragon
 64325 | Vaults:5 | Noticed a dread lich
 64338 | Vaults:5 | Killed a dread lich
 64424 | Vaults:5 | Killed a golden dragon
 64677 | Vaults:5 | Identified the +1 helmet of the Gate {Str+4 Int+2}
 64775 | Vaults:5 | Identified the +1 leather armour "Buke" {rF+ rN+ Will-
                  | Int+2}
 64776 | Vaults:5 | Identified the +1 robe of Dyqoniq {+Blink rC- Int+4}
 64877 | Vaults:5 | Killed a golden dragon
 65348 | Vaults:5 | Identified the +1 scale mail of Card Tricks {Will+ Regen+
                  | SInv} (Okawaru gifted it to you on level 5 of the Vaults)
 65348 | Vaults:5 | Received a gift from Okawaru
 65428 | Vaults:5 | Identified the +5 dagger "Voji Doinoi" {freeze, rF++ Str-5}
 65634 | Vaults:5 | Got a silver rune of Zot
 65882 | Vaults:5 | Acquired 690 gold pieces
 66570 | Vaults:5 | Got the Collected Works on Igneous Snow
 66831 | Crypt:1  | Entered Level 1 of the Crypt
 66925 | Crypt:1  | Noticed Boris
 66939 | Crypt:1  | Killed Boris
 68781 | Crypt:2  | Paralysed by a vampire knight for 3 turns
 68785 | Crypt:2  | Received a gift from Okawaru
 68802 | Crypt:2  | Reached XP level 23. HP: 197/202 MP: 0/31
 68841 | Crypt:2  | Identified the +0 hat of the Forest {Harm Dex+2} (Okawaru
                  | gifted it to you on level 2 of the Crypt)
 68841 | Crypt:2  | Received a gift from Okawaru
 69882 | Crypt:3  | Entered Level 3 of the Crypt
 70416 | Crypt:3  | Found a basalt altar of Yredelemnul.
 70482 | Crypt:3  | Noticed Khufu
 70491 | Crypt:3  | Noticed a royal mummy
 70999 | Crypt:3  | Noticed Frederick
 71007 | Crypt:3  | Killed Frederick
 71473 | Crypt:3  | Identified the ring "Ruhotse" {rN+ rCorr Int-2 Dex+4}
 71473 | Crypt:3  | Identified the ring of Peace {*Corrode rPois rN+ MP+9
                  | Str+2}
 71473 | Crypt:3  | Identified the ring "Diwk" {rF+ rN+}
 71574 | Crypt:3  | Killed Khufu
 71652 | Crypt:3  | Received a gift from Okawaru
 71914 | Crypt:3  | Killed a royal mummy
 72386 | Crypt:3  | Identified the +1 ring mail "Rism" {rCorr Dex+3}
 72819 | Crypt:3  | Found a staircase to the Tomb.
 72819 | Crypt:3  | Noticed Jory
 72841 | Crypt:3  | Killed Jory
 72995 | Crypt:3  | Identified the +6 rapier "Ogiob" {vorpal, rC- rN+ Will+}
 73024 | Crypt:3  | Identified the +7 great sword of Bloodstone {venom, rF+
                  | rC+}
 74105 | D:14     | Noticed Agnes
 74116 | D:14     | Killed Agnes
 74398 | D:15     | Entered Level 15 of the Dungeon
 74639 | D:15     | Found a staircase to the Depths.
 74826 | D:15     | Received a gift from Okawaru
 75140 | Depths:1 | Entered Level 1 of the Depths
 75159 | Depths:1 | Found a bloodstained altar of Trog.
 75436 | Depths:1 | Found a one-way gate leading to the halls of Pandemonium.
 75565 | Depths:1 | Found a sparkling altar of Nemelex Xobeh.
 76138 | Depths:1 | Reached XP level 24. HP: 232/232 MP: 25/31
 76142 | Depths:1 | Received a gift from Okawaru
 76599 | Depths:1 | Found a gateway to Hell.
 76621 | Hell     | Entered the Vestibule of Hell
 76621 | Hell     | Noticed Geryon
 77300 | Hell     | Killed Geryon
 77448 | Hell     | Found a gateway to the Iron City of Dis.
 77648 | Dis:1    | Entered Level 1 of the Iron City of Dis
 77648 | Dis:1    | Found a gateway to Hell.
 78491 | Dis:2    | Found a gateway to Hell.
 78530 | Dis:2    | Identified the +5 tower shield of Dilor {Drain rElec rPois
                  | Regen+} (Okawaru gifted it to you on level 2 of the Iron
                  | City of Dis)
 78530 | Dis:2    | Received a gift from Okawaru
 78852 | Hell     | Noticed Murray
 79111 | Hell     | Killed Murray
 80468 | Dis:3    | Found a gateway to Hell.
 80907 | Dis:4    | Found a gateway to Hell.
 81543 | Dis:5    | Found a gateway to Hell.
 81961 | Dis:6    | Found a gateway to Hell.
 82055 | Dis:6    | Received a gift from Okawaru
 82229 | Dis:7    | Entered Level 7 of the Iron City of Dis
 82229 | Dis:7    | Found a gateway to Hell.
 82321 | Dis:7    | Received a gift from Okawaru
 82794 | Dis:7    | Reached XP level 25. HP: 249/249 MP: 27/31
 83336 | Dis:7    | Reached skill level 5 in Evocations
 83338 | Dis:7    | Identified the -3 pair of gloves "Umor" {rC- Str+9}
                  | (Okawaru gifted it to you on level 7 of the Iron City of
                  | Dis)
 83338 | Dis:7    | Received a gift from Okawaru
 83970 | Hell     | Found a gateway to the freezing wastes of Cocytus.
 84136 | Coc:1    | Entered Level 1 of Cocytus
 84136 | Coc:1    | Found a gateway to Hell.
 84242 | Coc:2    | Found a gateway to Hell.
 85464 | Depths:2 | Reached skill level 10 in Evocations
 86418 | Depths:3 | Identified the +3 pair of gloves "Elaumiur" {-Tele Rampage
                  | rF+++ Str+2} (Okawaru gifted it to you on level 3 of the
                  | Depths)
 86418 | Depths:3 | Received a gift from Okawaru
 86598 | Depths:3 | Noticed Boris
 86608 | Depths:3 | Killed Boris
 86712 | Depths:3 | Found a one-way gate to the infinite horrors of the Abyss.
 87346 | Depths:3 | Found a one-way gateway to a ziggurat.
 87629 | Depths:3 | Reached XP level 26. HP: 258/258 MP: 21/31
 87744 | Depths:4 | Entered Level 4 of the Depths
 88226 | Depths:4 | Found a gate to the Realm of Zot.
 88396 | Depths:4 | Found a hide-covered altar of Uskayaw.
 88523 | Depths:4 | Found Zaeshaekh's Assorted Antiques.
 88527 | Depths:4 | Found Loquce's Assorted Antiques.
 88528 | Depths:4 | Found Olaaff's Antique Weapon Boutique.
 88531 | Depths:4 | Bought a potion of heal wounds for 205 gold pieces
 88535 | Depths:4 | Bought a dazzling war axe for 331 gold pieces
 88535 | Depths:4 | Identified the +3 war axe of Conscience {drain, Str+2 Int+2
                  | Dex+2 SInv} (You bought it in a shop on level 4 of the
                  | Depths)
 89212 | Depths:3 | Voluntarily entered the Abyss.
 89214 | Abyss:1  | Found a corrupted altar of Lugonu.
 89483 | Abyss:1  | Noticed a dread lich
 89490 | Abyss:1  | Paralysed by a dread lich for 3 turns
 89497 | Abyss:1  | Killed a dread lich
 89640 | Abyss:1  | Paralysed by accursed screaming for 1 turns
 90105 | Abyss:2  | Found a corrupted altar of Lugonu.
 90384 | Abyss:2  | Received a gift from Okawaru
 90391 | Depths:3 | Escaped the Abyss
 90407 | Depths:3 | Voluntarily entered the Abyss.
 90473 | Abyss:1  | Found a snail-covered altar of Cheibriados.
 90588 | Abyss:1  | Reached skill level 27 in Armour
 90924 | Abyss:1  | Received a gift from Okawaru
 90986 | Abyss:1  | Identified the +2 dagger of Honour {vorpal, rCorr}
 91177 | Abyss:1  | Found a radiant altar of Vehumet.
 91209 | Abyss:1  | Gained mutation: You are clumsy. (Dex -2) [a neqoxec]
 91384 | Abyss:1  | Received a gift from Okawaru
 91851 | Abyss:1  | Identified the +0 pair of gloves of Time Monsters {rElec
                  | Int+2 SInv} (Okawaru gifted it to you on level 1 of the
                  | Abyss)
 91851 | Abyss:1  | Received a gift from Okawaru
 91994 | Abyss:1  | Identified the +4 broad axe of the Thing {vorpal, Contam
                  | +Blink rElec}
 92047 | Abyss:1  | Noticed a dread lich
 92050 | Abyss:1  | Paralysed by a dread lich for 4 turns
 92067 | Abyss:1  | Killed a dread lich
 92111 | Abyss:1  | Reached skill level 27 in Fighting
 92764 | Abyss:1  | Found a corrupted altar of Lugonu.
 93144 | Abyss:1  | Gained mutation: Your magical capacity is low. (-10% MP) [a
                  | neqoxec]
 93184 | Abyss:1  | Reached skill level 15 in Evocations
 93400 | Abyss:1  | Reached XP level 27. HP: 273/273 MP: 14/27
 93695 | Abyss:1  | Noticed an ancient lich
 93701 | Abyss:1  | Killed an ancient lich
 94008 | Abyss:1  | Acquired the ring "Ratui" {Fly MP-9 Str+3 Slay+4}
 94370 | Abyss:1  | Lost mutation: Your mind is acute. (Int +2) [a neqoxec]
 94756 | Abyss:1  | Lost intelligence.
 94832 | Abyss:1  | Lost mutation: You are partially covered in iridescent
                  | scales. (AC +2) [potion of mutation]
 94832 | Abyss:1  | Lost mutation: You are clumsy. (Dex -2) [potion of
                  | mutation]
 94832 | Abyss:1  | Lost mutation: Your magical capacity is low. (-10% MP)
                  | [potion of mutation]
 94832 | Abyss:1  | Gained mutation: You occasionally shout uncontrollably at
                  | your foes. [potion of mutation]
 94833 | Abyss:1  | Lost mutation: You occasionally shout uncontrollably at
                  | your foes. [potion of mutation]
 94833 | Abyss:1  | Gained mutation: You are agile. (Dex +2) [potion of
                  | mutation]
 94833 | Abyss:1  | Gained mutation: You have sharp fingernails. [potion of
                  | mutation]
 94833 | Abyss:1  | Gained mutation: Your system is resistant to poisons.
                  | (rPois) [potion of mutation]
 94834 | Abyss:1  | Lost mutation: You are agile. (Dex +2) [potion of mutation]
 94834 | Abyss:1  | Lost mutation: You have sharp fingernails. [potion of
                  | mutation]
 94834 | Abyss:1  | Gained mutation: Your flesh is cold resistant. (rC+)
                  | [potion of mutation]
 94835 | Abyss:1  | Lost mutation: Your system is resistant to poisons. (rPois)
                  | [potion of mutation]
 94835 | Abyss:1  | Gained mutation: Your flesh is heat resistant. (rF+)
                  | [potion of mutation]
 94836 | Abyss:1  | Lost mutation: Your flesh is cold resistant. (rC+) [potion
                  | of mutation]
 94836 | Abyss:1  | Lost mutation: Your flesh is heat resistant. (rF+) [potion
                  | of mutation]
 94836 | Abyss:1  | Gained mutation: Your flesh is heat resistant. (rF+)
                  | [potion of mutation]
 94836 | Abyss:1  | Gained mutation: Your spells are easier to cast, but less
                  | powerful. [potion of mutation]
 94836 | Abyss:1  | Gained mutation: You occasionally shout uncontrollably at
                  | your foes. [potion of mutation]
 94836 | Abyss:1  | Gained mutation: Your system is resistant to poisons.
                  | (rPois) [potion of mutation]
 94837 | Abyss:1  | Lost mutation: Your system is resistant to poisons. (rPois)
                  | [potion of mutation]
 94837 | Abyss:1  | Lost mutation: Your flesh is heat resistant. (rF+) [potion
                  | of mutation]
 94837 | Abyss:1  | Gained mutation: You have large cloven feet. [potion of
                  | mutation]
 94837 | Abyss:1  | Gained mutation: You expend magic power (3 MP) to
                  | strengthen your wands. [potion of mutation]
 94838 | Abyss:1  | Lost mutation: You have large cloven feet. [potion of
                  | mutation]
 94838 | Abyss:1  | Lost mutation: You occasionally shout uncontrollably at
                  | your foes. [potion of mutation]
 94838 | Abyss:1  | Lost mutation: You expend magic power (3 MP) to strengthen
                  | your wands. [potion of mutation]
 94839 | Abyss:1  | Lost mutation: Your spells are easier to cast, but less
                  | powerful. [potion of mutation]
 94839 | Abyss:1  | Gained mutation: You are somewhat resistant to further
                  | mutation. [potion of mutation]
 94839 | Abyss:1  | Gained mutation: Your movements are slightly less
                  | encumbered by armour. (ER -2) [potion of mutation]
 94840 | Abyss:1  | Lost mutation: You are somewhat resistant to further
                  | mutation. [potion of mutation]
 94840 | Abyss:1  | Gained mutation: Your muscles are strong. (Str +2) [potion
                  | of mutation]
 94840 | Abyss:1  | Gained mutation: You have a beak for a mouth. [potion of
                  | mutation]
 94841 | Abyss:1  | Lost mutation: Your muscles are strong. (Str +2) [potion of
                  | mutation]
 94841 | Abyss:1  | Lost mutation: You have a beak for a mouth. [potion of
                  | mutation]
 94841 | Abyss:1  | Gained mutation: You have a pair of large horns on your
                  | head. [potion of mutation]
 94841 | Abyss:1  | Gained mutation: Your mind is acute. (Int +2) [potion of
                  | mutation]
 94841 | Abyss:1  | Gained mutation: You have a beak for a mouth. [potion of
                  | mutation]
 94842 | Abyss:1  | Lost mutation: Your movements are slightly less encumbered
                  | by armour. (ER -2) [potion of mutation]
 94842 | Abyss:1  | Lost mutation: Your mind is acute. (Int +2) [potion of
                  | mutation]
 94842 | Abyss:1  | Gained mutation: You have supernaturally acute eyesight.
                  | (SInv) [potion of mutation]
 94842 | Abyss:1  | Gained mutation: You are robust. (+10% HP) [potion of
                  | mutation]
 94843 | Abyss:1  | Lost mutation: You have supernaturally acute eyesight.
                  | (SInv) [potion of mutation]
 94843 | Abyss:1  | Lost mutation: You are robust. (+10% HP) [potion of
                  | mutation]
 94843 | Abyss:1  | Gained mutation: You sometimes lose the ability to read
                  | scrolls when taking damage. [potion of mutation]
 94843 | Abyss:1  | Gained mutation: You are strong-willed. (Will+) [potion of
                  | mutation]
 94996 | Abyss:1  | Identified the +5 tower shield of Pups {rElec Will+ Str+3
                  | Int+4} (Okawaru gifted it to you on level 1 of the Abyss)
 94996 | Abyss:1  | Received a gift from Okawaru
 95127 | Abyss:1  | Noticed a dread lich
 95142 | Abyss:1  | Killed a dread lich
 95176 | Depths:3 | Escaped the Abyss
 95192 | Depths:3 | Voluntarily entered the Abyss.
 95350 | Abyss:1  | Lost intelligence.
 95532 | Abyss:1  | Gained mutation: Your body sometimes deteriorates upon
                  | taking damage. [a neqoxec]
 95614 | Abyss:1  | Found an iron altar of Okawaru.
 95676 | Abyss:1  | Lost intelligence.
 95696 | Abyss:1  | Paralysed by accursed screaming for 1 turns
 95780 | Abyss:1  | Reached skill level 27 in Dodging
 95897 | Abyss:1  | Reached skill level 10 in Crossbows
 96042 | Abyss:1  | Found a stormy altar of Qazlal.
 96049 | Abyss:1  | Lost intelligence.
 96078 | Abyss:1  | Found a stormy altar of Qazlal.
 96190 | Abyss:1  | Received a gift from Okawaru
 96350 | Abyss:1  | Received a gift from Okawaru
 96417 | Abyss:1  | Received a gift from Okawaru
 97068 | Abyss:1  | Received a gift from Okawaru
 97425 | Abyss:1  | Reached skill level 15 in Crossbows
 97443 | Abyss:1  | Gained mutation: Your body often deteriorates upon taking
                  | damage. [a neqoxec]
 97445 | Abyss:1  | Gained mutation: Armour fits poorly on your strangely
                  | shaped body. [a neqoxec]
 97498 | Abyss:1  | Lost intelligence.
 97581 | Abyss:1  | Received a gift from Okawaru
 97812 | Depths:3 | Escaped the Abyss
 97989 | Depths:3 | Voluntarily entered the Abyss.
 98125 | Abyss:1  | Noticed an ancient lich
 98133 | Abyss:1  | Killed an ancient lich
 98133 | Abyss:1  | Identified the +3 crystal plate armour of Wariness {+Blink}
                  | (Okawaru gifted it to you on level 1 of the Abyss)
 98133 | Abyss:1  | Received a gift from Okawaru
 98592 | Abyss:1  | Reached skill level 1 in Long Blades
 98811 | Abyss:1  | Reached skill level 5 in Long Blades
 99041 | Abyss:1  | Gained mutation: You are often teleported next to monsters.
                  | [a neqoxec]
 99041 | Abyss:1  | Lost intelligence.
 99044 | Abyss:1  | Gained mutation: You have hidden genetic defects. [a
                  | neqoxec]
 99045 | Abyss:1  | Gained mutation: You have terrible hidden genetic defects.
                  | [a neqoxec]
 99464 | Abyss:1  | Lost intelligence.
 99603 | Abyss:1  | Reached skill level 10 in Long Blades
 99608 | Abyss:1  | Lost intelligence.
 99676 | Abyss:1  | Identified the +5 chain mail of Vehumet's Castigation {rF++
                  | Will-}
 99994 | Depths:3 | Escaped the Abyss
100269 | Zot:1    | Entered Level 1 of the Realm of Zot
100269 | Zot:1    | Noticed an orb of fire
100276 | Zot:1    | Gained mutation: Your spells are a little easier to cast,
                  | but a little less powerful. [an orb of fire]
100282 | Zot:1    | Killed an orb of fire
100309 | Zot:1    | Received a gift from Okawaru
100314 | Zot:1    | Gained mutation: You are frail. (-10% HP) [hidden defects]
101686 | Zot:2    | Gained mutation: You do not regenerate when monsters are
                  | visible. [hidden defects]
101686 | Zot:2    | Lost mutation: You have terrible hidden genetic defects.
                  | [hidden defects expressed]
101994 | Zot:3    | Received a gift from Okawaru
104218 | Zot:4    | Gained mutation: Your spells are easier to cast, but less
                  | powerful. [hidden defects]
104485 | Zot:4    | Reached skill level 1 in Air Magic
104619 | Zot:4    | Received a gift from Okawaru
104937 | Zot:4    | Received a gift from Okawaru
104938 | Zot:4    | Reached skill level 5 in Air Magic
105205 | Zot:4    | Gained mutation: You are very frail. (-20% HP) [hidden
                  | defects]
105205 | Zot:4    | Lost mutation: You have hidden genetic defects. [hidden
                  | defects expressed]
105225 | Zot:4    | Received a gift from Okawaru
105499 | Zot:5    | Entered Level 5 of the Realm of Zot
105775 | Zot:5    | Noticed a dread lich
105777 | Zot:5    | Noticed a dread lich
105787 | Zot:5    | Killed a dread lich
105901 | Zot:5    | Paralysed by a dread lich for 3 turns
105907 | Zot:5    | Paralysed by a dread lich for 6 turns
105915 | Arena    | Entered the Arena
106235 | Zot:4    | Received a gift from Okawaru
106241 | Zot:5    | Noticed an orb of fire
106242 | Zot:5    | Gained mutation: You have hidden genetic defects. [an orb
                  | of fire]
106250 | Zot:5    | Noticed an orb of fire
106664 | Zot:5    | Killed a dread lich
106676 | Zot:5    | Killed an orb of fire
106946 | Zot:5    | Noticed an ancient lich
106946 | Zot:5    | Noticed an orb of fire
106957 | Zot:5    | Gained mutation: You are extremely frail. (-30% HP) [an orb
                  | of fire]
106975 | Zot:4    | Killed an ancient lich
106984 | Zot:4    | Gained mutation: You have terrible hidden genetic defects.
                  | [an orb of fire]
106986 | Zot:4    | Killed an orb of fire
107256 | Zot:5    | Gained mutation: Your spells are much easier to cast, but
                  | much less powerful. [hidden defects]
107289 | Zot:5    | Reached skill level 1 in Spellcasting
107566 | Zot:5    | Noticed an orb of fire
107569 | Zot:5    | Gained mutation: You are sometimes teleported next to
                  | monsters. [an orb of fire]
107577 | Zot:5    | Gained mutation: You are dopey. (Int -2) [an orb of fire]
107581 | Zot:5    | Killed an orb of fire
107939 | Zot:5    | Noticed an orb of fire
107952 | Zot:5    | Killed an orb of fire
107998 | Zot:5    | Reached skill level 5 in Spellcasting
108391 | Zot:5    | Gained mutation: You are clumsy. (Dex -2) [hidden defects]
108391 | Zot:5    | Lost mutation: You have terrible hidden genetic defects.
                  | [hidden defects expressed]
108554 | Zot:5    | Lost intelligence.
108579 | Zot:5    | Gained mutation: You are very dopey. (Int -4) [an orb of
                  | fire]
108583 | Zot:5    | Killed an orb of fire
108739 | Zot:5    | Got the Orb of Zot
108764 | Zot:5    | Identified the +9 scimitar "Goblinslayer" {vamp, *Slow
                  | rN+++ rCorr Str-3} (Okawaru gifted it to you on level 5 of
                  | the Realm of Zot)
108764 | Zot:5    | Received a gift from Okawaru
108797 | Zot:5    | Noticed Gezesm the pandemonium lord
108804 | Zot:5    | Killed Gezesm the pandemonium lord
109001 | Zot:2    | Noticed Paruimi the pandemonium lord
109014 | Zot:2    | Noticed a seraph
109015 | Zot:2    | Killed Paruimi the pandemonium lord
109029 | Zot:3    | Annihilated by a seraph

Illustrated notes

Levels and vault maps discovered:
D:1:      ldierk_walled_garden, layout_loops_cross,
          ebering_ecumenical_altar_box, serial_shops,
          nicolae_shop_hallway_stairs, serial_bayou_ford_a
D:2:      layout_loops_ring, basic_altar, kennysheep_boxes
D:3:      layout_basic, nicolae_ru_sacrificial_ziggurat, serial_bayou_lake_a
D:4:      layout_basic, zin_angel, minmay_misc_feat_encased, chequers_jeans
D:5:      layout_loops_ring, grunt_temple_overflow_opulence,
          gammafunk_ghost_smash, minmay_fractal_squares_diagonal_5
D:6:      layout_basic, minmay_divided_ellipse
D:7:      layout_basic, nicolae_overflow_squiral,
          minmay_temple_entry_drinking_statues, uniq_harold
D:8:      cheibrodos_grave_circle, layout_cave_pods,
          grunt_lair_entry_orc_guard_hut, uniq_gastronok
D:9:      layout_long_grid, orc_0_dummy
D:10:     layout_long_grid, nzn_wu_jian_contemplation, serial_shops,
          nicolae_shop_waterfront, minivault_21, minivault_16
D:11:     layout_loops_ring, serial_shops, kennysheep_mini_moat,
          serial_bayou_pond_e, minmay_guarded_unrand_variability
D:12:     layout_rooms, serial_shops, nicolae_shop_window_shopping,
          portal_ice_cave_demonic_guard, nicolae_shop_self_help
D:13:     layout_cave_pods, erik_vaults_1, gauntlet_entry_generic
D:14:     layout_rooms, uniq_agnes
D:15:     grunt_enter_depths_hoard, layout_cave_pools, minmay_misc_feat_square,
          hangedman_decor_peaks_small
Temple:   regret_index_temple_generic_petals
Lair:1:   layout_loops_ring, lightli_volcano_entry_magma_tube
Lair:2:   layout_chaotic_city, minmay_swamp_entry_wisps, minivault_23,
          lemuel_fruit_fields
Lair:3:   layout_chaotic_city, basic_altar, infiniplex_staircase_pool,
          serial_bayou_shore_a
Lair:4:   layout_loops_ring, nicolae_spider_entry_tight_spaces,
          chequers_serial_rivers_marsh, grunt_forest_stairs_basic,
          chequers_serial_rivers_micro_c
Lair:5:   layout_gridlike
Lair:6:   cheibrodos_lair_end_hotspot, layout_big_grid, minmay_slime_entry_eyes,
          hellmonk_guarded_unrand_vines
Swamp:1:  layout_falls_marsh, nicolae_swamp_dense_foliage, swamp_pool4,
          infiniplex_staircase_pool_2
Swamp:2:  layout_falls_marsh, evilmike_swamp_ruin_house_5
Swamp:3:  layout_basic_swamp, serial_swamp_ruin, evilmike_swamp_ruin_house_6,
          evilmike_swamp_ruin_house_3, evilmike_swamp_ruin_house_2, uniq_donald,
          uniq_mara, uniq_kirke
Swamp:4:  swamp_fiery, layout_basic_swamp, swamp_pool5,
          hangedman_swamp_ruin_wall, nicolae_swamp_no_escape
Spider:1: layout_spider_delve, uniq_louise, uniq_azrael
Spider:2: layout_spider_delve, uniq_arachne
Spider:3: layout_spider_delve, uniq_bai_suzhen, uniq_jorgrun
Spider:4: spider_rune_water, hangedman_spider_tarantella_strand, uniq_aizul
Orc:1:    layout_caves, mines1_david
Orc:2:    grunt_orc_cross, layout_caves, hellmonk_bongcloud_opening
Elf:1:    elf_arrival_001, layout_geoelf_grid, serial_shops, shop,
          evilmike_minifort, st_stairs_12, small_statue_intersection,
          solitary_fountain
Elf:2:    elven_hall_of_blades_hangedman_original [mumra_blade_entry_dagger],
          layout_geoelf_octagon, special_room [special_room_orc], serial_shops,
          nicolae_square_shop
Elf:3:    minmay_elf_hall_dome, layout_geoelf_grid, serial_shops,
          nicolae_lakefront_shop, minmay_shop_grove
Vaults:1: vaults_dpeg_encased_lava, hangedman_vaults_stream,
          nicolae_vaults_windows_and_doors_thing, vaults_dpeg_spiral,
          hangedman_vaults_variations, nicolae_vaults_mini_display_case,
          gammafunk_sealed_arena, serial_ice_b, v_misc_17,
          ontoclasm_vaults_chip, layout_vaults_omnigrid
Vaults:2: gammafunk_ghost_crypt, nicolae_vaults_ninety_degrees,
          hangedman_vaults_cutoff, vaults_mumra_minichess_inversion,
          hangedman_vaults_nodes, ontoclasm_vaults_gateway,
          minmay_crypt_entry_skeletal_spiral, v_misc_13,
          nicolae_vaults_display_case, v_misc_11,
          nicolae_vaults_little_squares_5, ontoclasm_vaults_ring_square,
          layout_vaults_omnibox, uniq_nikola
Vaults:3: nicolae_vaults_angled_halls, v_alt_pattern_2, v_misc_4, v_misc_16,
          nicolae_vaults_c_with_doors, hangedman_vaults_corner,
          hangedman_vaults_nails, ontoclasm_vaults_ring_small, v_misc_29,
          nicolae_vaults_border_crossing, ontoclasm_vaults_fault,
          layout_vaults_omnicross, serial_shops, nicolae_shop_window_shopping
Vaults:4: v_misc_26, v_alt_pattern_6, hangedman_vaults_maws,
          ontoclasm_vaults_shuriken, v_rooms_3, v_misc_19, dpeg_vaults_waves,
          vaults_room_door_hall, v_misc_23, hangedman_vaults_slice,
          vaults_room_pool, nicolae_vaults_gold_heap,
          layout_vaults_chaotic_city, serial_shops, nicolae_shop_crystal,
          uniq_saint_roka, uniq_boris, uniq_margery
Vaults:5
Crypt:1:  layout_basic
Crypt:2:  layout_gridlike, grunt_megastairs_2
Crypt:3:  grunt_crypt_end_deaths_head, uniq_khufu, uniq_frederick
Depths:1: layout_gridlike, pan_entry, nemelex_spade_bored_becter,
          pf_coc_iceberg, nicolae_sextant, tgw_trog
Depths:2: hellmonk_warped_wall, layout_basic, nrook_mini_backslash, hell_entry,
          rand_demon_pan_entry_5
Depths:3: hangedman_crystal_crosses_colossus [crystal_crosses_arms_four,
          crystal_crosses_arms_two, crystal_crosses_arms_two,
          crystal_crosses_arms_one], abyss_entry, hell_entry
Depths:4: evilmike_zot_entry_basic, layout_gridville, pf_hell_entry_tar_spiral,
          rand_demon_pan_entry_1, nicolae_uskayaw_suspiria,
          serial_bayou_shore_b, minmay_shop_star
Hell
Dis:1:    layout_overlapping_boxes
Dis:2:    layout_subdivisions, nicolae_hells_seeping_fissure
Dis:3:    layout_regular_city, nicolae_dis_emergency_hatch
Dis:4:    layout_subdivisions
Dis:5:    layout_overlapping_boxes
Dis:6:    layout_overlapping_boxes
Dis:7:    dis_st
Coc:1:    layout_ice_bergs, nicolae_coc_melting_block
Coc:2:    layout_cocytus_water_paths
Zot:1:    layout_gridlike
Zot:2:    layout_misc_corridors, hangedman_zot_decor_checkerboard
Zot:3:    layout_concentric_octagons
Zot:4:    layout_onion_interference, st_stairs_8, hangedman_swamp_dais,
          grunt_megastairs_3
Zot:5:    layout_misc_corridors

Skill      XL: |  1  2  3  4  5  6  7  8  9 10 11 12 13 14 15 16 17 18 19 20 21 22 23 24 25 26 27 |
---------------+----------------------------------------------------------------------------------+-----
Axes           | 3 4 5 6 7 10 14 16 | 16.4
Shields        | 4 11 12 15 20 25 | 25.0
Armour         | 4 6 7 10 12 13 15 20 22 25 27 | 27.0
Fighting       | 7 10 14 15 16 22 25 27 | 27.0
Dodging        | 7 12 18 22 23 24 25 27 | 27.0
Evocations     | 3 13 15 18 | 18.6
Crossbows      | 4 9 17 | 17.3
Invocations    | 8 12 | 12.2
Long Blades    | 14 | 14.3
Air Magic      | 9 |  9.8
Spellcasting   | 7 |  7.9

Action                   |  1- 3 |  4- 6 |  7- 9 | 10-12 | 13-15 | 16-18 | 19-21 | 22-24 | 25-27 || total
-------------------------+-------+-------+-------+-------+-------+-------+-------+-------+-------++-------
Melee: War axe           |    79 |   107 |   292 |   495 |   995 |       |       |       |       ||  1968
       Headbutt          |    16 |    19 |    74 |   140 |   296 |   323 |   438 |   835 |  1461 ||  3602
       Broad axe         |       |       |       |       |    62 |  1191 |  1198 |  2240 |  4026 ||  8717
       Demon trident     |       |       |       |       |       |     1 |       |       |       ||     1
       Peck              |       |       |       |       |       |       |       |       |   673 ||   673
       Eudemon blade     |       |       |       |       |       |       |       |       |    40 ||    40
 Fire: Hand crossbow     |       |       |       |    18 |    71 |    63 |     2 |     2 |     5 ||   161
 Cast: Swiftness         |       |       |       |       |       |       |       |       |     1 ||     1
Invok: Heroism           |       |       |       |     7 |    24 |    18 |    12 |     6 |     2 ||    69
       Finesse           |       |       |       |       |       |       |    11 |    17 |    14 ||    42
       Duel              |       |       |       |       |       |       |       |       |     1 ||     1
Evoke: Wand              |       |       |       |    15 |    11 |     2 |       |     1 |    35 ||    64
       Piece from Xom's  |       |       |       |     1 |     5 |       |       |       |       ||     6
       Condenser vane    |       |       |       |       |     1 |       |       |       |       ||     1
       Lightning rod     |       |       |       |       |       |     4 |       |       |     2 ||     6
       Tin of tremorston |       |       |       |       |       |       |       |       |     1 ||     1
  Use: Scroll            |     2 |       |       |     8 |    14 |    13 |    13 |    12 |    14 ||    76
       Potion            |       |     1 |     1 |     1 |     2 |     8 |     5 |    11 |    25 ||    54
 Stab: Confused          |       |       |       |       |       |     1 |       |     2 |       ||     3
       Distracted        |       |       |       |       |       |     1 |       |       |     4 ||     5
       Petrifying        |       |       |       |       |       |       |       |     3 |       ||     3
       Paralysed         |       |       |       |       |       |       |       |     1 |     1 ||     2
       Invisible         |       |       |       |       |       |       |       |       |     1 ||     1
Armor: Scale mail        |    33 |    41 |    25 |       |       |       |       |       |       ||    99
       Chain mail        |       |       |    76 |   234 |   202 |   208 |       |       |       ||   720
       Plate armour      |       |       |       |       |   180 |       |       |       |       ||   180
       Storm dragon scal |       |       |       |       |       |    87 |   129 |   329 |    37 ||   582
       Gold dragon scale |       |       |       |       |       |       |       |       |   554 ||   554
Dodge: Dodged            |    36 |    49 |   171 |   365 |   502 |   401 |   304 |   680 |   987 ||  3495
Block: Buckler           |    21 |    20 |    62 |   141 |   242 |       |       |       |       ||   486
       Kite shield       |       |       |       |       |   311 |   263 |       |       |       ||   574
       Reflection        |       |       |       |       |     9 |    38 |   137 |    37 |   121 ||   342
       Tower shield      |       |       |       |       |       |  1188 |  1189 |  2408 |  4003 ||  8788

Table legend: (Time is in decaauts)
 A = Elapsed time spent in this place.
 B = Non-inter-level travel time spent in this place.
 C = Inter-level travel time spent in this place.
 D = Time resting spent in this place.
 E = Time spent auto-exploring this place.
 F = Levels seen in this place.
 G = Mean time per level.
                   A        B        C        D        E       F      G
               +--------+--------+--------+--------+--------+-----+--------+
         Total | 107221 | 100324 |   6897 |  26983 |  42990 |  70 | 1531.7 |
       Dungeon |  18953 |  17143 |   1810 |   3266 |  10586 |  15 | 1263.5 |
        Temple |    144 |    103 |     41 |      0 |     92 |   1 |  144.0 |
          Lair |  12678 |  11616 |   1062 |   4219 |   5632 |   6 | 2113.0 |
         Swamp |   6653 |   6286 |    367 |   2453 |   2442 |   4 | 1663.2 |
   Spider Nest |   6417 |   6186 |    231 |   2523 |   2358 |   4 | 1604.2 |
  Orcish Mines |   3249 |   3102 |    147 |   1655 |    807 |   2 | 1624.5 |
   Elven Halls |   4999 |   4516 |    483 |   1227 |   1983 |   3 | 1666.3 |
        Vaults |  12950 |  11947 |   1003 |   2308 |   6992 |   5 | 2590.0 |
         Crypt |   6131 |   6019 |    112 |   1576 |   3179 |   3 | 2043.7 |
        Depths |   9007 |   8317 |    690 |   2671 |   4162 |   4 | 2251.8 |
          Hell |   1721 |   1460 |    261 |    731 |      0 |   1 | 1721.0 |
           Dis |   3032 |   2802 |    230 |    590 |     47 |   7 |  433.1 |
       Cocytus |    208 |    176 |     32 |      0 |     54 |   2 |  104.0 |
           Zot |   8475 |   8051 |    424 |   2647 |   3028 |   5 | 1695.0 |
         Abyss |  10444 |  10444 |      0 |    251 |   1051 |   5 | 2088.8 |
      Ice Cave |   1196 |   1196 |      0 |    604 |    452 |   1 | 1196.0 |
      Gauntlet |    933 |    933 |      0 |    242 |    123 |   1 |  933.0 |
         Arena |     25 |     25 |      0 |     19 |      0 |   1 |   25.0 |
               +--------+--------+--------+--------+--------+-----+--------+

Top non-repeatable levels by time:
 Abyss:1: 9834 daAuts
Depths:1: 4133 daAuts
  Lair:6: 2951 daAuts
Vaults:4: 2881 daAuts
  Lair:5: 2706 daAuts
   Zot:4: 2679 daAuts
Vaults:1: 2652 daAuts
Vaults:5: 2642 daAuts
 Crypt:3: 2618 daAuts
Vaults:2: 2565 daAuts
 Crypt:2: 2497 daAuts
Spider:4: 2488 daAuts
   Zot:3: 2282 daAuts
     D:8: 2252 daAuts
Vaults:3: 2209 daAuts
